 Dungeon Crawl Stone Soup version 0.20.1-1-g8b1a95d (webtiles) character file.

217141 equalderp2856 the Hoplite (level 18, 0/168 HPs)
             Began as a Minotaur Fighter on Aug 12, 2017.
             Slain by a wolf spider (25 damage)
             ... on level 3 of the Spider Nest on Aug 13, 2017.
             The game lasted 05:14:31 (75711 turns).

equalderp2856 the Hoplite (Minotaur Fighter)       Turns: 75711, Time: 05:14:31

Health: 0/168      AC: -2    Str: 24    XL:     18   Next: 38%
Magic:  20/20      EV: 10    Int: 10    God:
Gold:   2468       SH:  5    Dex: 13    Spells: 13/22 levels left

rFire    . . .     SeeInvis .   t - +1 war axe (protect)
rCold    . . .     Gourm    .   (no shield)
rNeg     . . .     Faith    .   g - +2 plate armour {MR+}
rPois    .         Spirit   .   c - +2 hat {MR+}
rElec    .         Reflect  +   (no cloak)
rCorr    .         Harm     .   v - +1 pair of gloves
MR       +++..                  L - +0 pair of boots
Stlth    ..........             J - amulet "Hos Pat" {Reflect Int+3 SH+5}
Regen    0.4/turn               I - ring of wizardry
MPRegen  0.2/turn               V - ring of wizardry

@: corroded
A: retaliatory headbutt, horns 2
}: 1/15 runes: barnacled
a: no special abilities


You were on level 3 of the Spider Nest.
You were not hungry.

You visited 5 branches of the dungeon, and saw 30 of its levels.
You also visited: Ice Cave.

You collected 3253 gold pieces.
You spent 785 gold pieces at shops.

Inventory:

Hand Weapons
 h - a +3 hand crossbow of velocity
 m - a +2 battleaxe of freezing
 o - a +5 hand crossbow of flaming
 t - a +1 war axe of protection (weapon)
 M - a +2 arbalest of velocity
 W - a +5 trident of freezing
Armour
 c - a +2 hat of magic resistance (worn)
 g - a +2 plate armour of magic resistance (worn)
 v - a +1 pair of gloves (worn)
 B - a +2 shield of cold resistance
 D - a +0 large shield
 F - the +1 plate armour of Truth {rElec rC+ rCorr}
   (You found it on level 6 of the Dungeon)

   It protects you from cold.
   It insulates you from electricity.
   It protects you from acid and corrosion.
 H - the +0 pair of boots of the Doldrums {+Fly rPois MR- rCorr}
   (You bought it in a shop on level 2 of the Orcish Mines)

   It protects you from poison.
   It affects your resistance to hostile enchantments.
   It lets you fly.
   It protects you from acid and corrosion.
 L - a +0 pair of boots (worn)
 U - a +2 robe of fire resistance
Jewellery
 r - an uncursed ring of protection from cold
 y - an uncursed ring of positive energy
 I - a ring of wizardry (left hand)
 J - the amulet "Hos Pat" (around neck) {Reflect Int+3 SH+5}
   (You took it off Fannar on level 1 of the Lair of Beasts)

   [amulet of reflection]

   It shields you and reflects attacks.
   It affects your intelligence (+3).
   It affects your SH (+5).
 S - a +3 ring of strength
 V - a ring of wizardry (right hand)
Wands
 u - a wand of acid (6/15)
 A - a wand of acid (8/15)
 O - a wand of confusion (22/48)
 Q - a wand of scattershot (3/9)
 T - a wand of lightning (5/15)
 X - a wand of disintegration (11/24)
Scrolls
 n - a scroll of teleportation
 s - 10 scrolls of remove curse
 K - 4 scrolls of fog
 Y - 10 scrolls of identify
Potions
 d - 5 potions of might
 p - 6 potions of brilliance
 x - a potion of curing
 C - 7 potions of ambrosia
 E - a potion of flight
 G - a potion of magic
Miscellaneous
 j - a phial of floods
 k - a sack of spiders
Comestibles
 f - 12 bread rations
 P - a meat ration


   Skills:
 + Level 16.5 Fighting
 + Level 18.3(18.6) Axes
 + Level 6.3(13.6) Polearms
 * Level 10.2 Crossbows
 + Level 16.2 Armour
 + Level 4.5 Dodging
 + Level 2.0 Stealth
 + Level 21.0 Shields
 + Level 2.6 Spellcasting
 + Level 0.5 Charms
 + Level 0.4 Necromancy
 + Level 0.1 Translocations
 + Level 1.5 Evocations


You had 13 spell levels left.
You knew the following spells:

 Your Spells              Type           Power        Failure   Level  Hunger
a - Animate Skeleton      Necr           N/A          41%         1    ##.....
b - Confusing Touch       Hex            #.....       45%         1    ##.....
c - Regeneration          Chrm/Necr      #.........   75%         3    ####...
d - Blink                 Tloc           N/A          58%         2    ###....
e - Slow                  Hex            #.......     58%         2    ###....


Dungeon Overview and Level Annotations

Branches:
Dungeon (15/15) Temple (0/1) D:5 Lair (6/6) D:10 Shoals (4/4) Lair:2 Spider (3/4) Lair:3 Slime (0/5) Lair:5 Orc (2/2) D:10 Elf (0/3) Orc:2 Vaults (0/5) D:12 D:13 Depths (0/5) D:15

Altars:
Cheibriados
Dithmenos
Elyvilon
Hepliaklqana
Makhleb
Qazlal
Sif Muna
Trog
Xom
Beogh
Jiyva

Shops:
D:4 (   D:9 :   D:11 (   D:12 *   D:14 :   Orc:1 (   Orc:2 =[*(   Shoals:3 *

Annotations:
D:4 Grinder
D:5 1 runed door
D:11 1 runed door
Spider:2 equalderp2856's ghost, adept MiFi


Innate Abilities, Weirdness & Mutations

You reflexively headbutt those who attack you in melee.
You have a pair of horns on your head.


Message History

* * * LOW HITPOINT WARNING * * *
You block the wolf spider's attack.
You feel better. The wolf spider completely misses you.
You furiously retaliate!
You headbutt the wolf spider, but do no damage.
You block the wolf spider's attack.
The jumping spider leaps!
The wolf spider misses you. You furiously retaliate!
You headbutt the wolf spider, but do no damage.
The wolf spider bites you.
* * * LOW HITPOINT WARNING * * *
You are poisoned.
The wolf spider poisons you!
You feel better. The wolf spider closely misses you. You furiously retaliate!
You headbutt the wolf spider, but do no damage.
The wolf spider bites you!
* * * LOW HITPOINT WARNING * * *
The jumping spider leaps!
Okay, then.
You feel better. The wolf spider hits you!!
You die...

.^.....###............
........##...........#
........# #...<......#
...^.s..# #.........#.
........###s.......##
........ยง.s#....##.#
...##.s#####.### .#
##s# #.# .. #@# ##. .
#.# ## .s. .##.. ..
#.. .. #.. ... #.. ##.
...


You could see a wolf spider, 2 jumping spiders and a redback.

Vanquished Creatures
  Rupert (D:12)
  3 krakens
  Gastronok (Lair:1)
  The ghost of anything the Brawler, an adept TrHu of Hepliaklqana (Shoals:4)
  Ilsuiw (Shoals:4)
  2 frost giants
  An orc warlord (Orc:1)
  The ghost of Thaneod the Cleaver, a journeyman MiBe of Trog (D:13)
  A dire elephant (Lair:6)
  4 merfolk javelineers
  15 merfolk impalers
  8 hydras
  A yaktaur captain (D:15)
  Fannar (Lair:1)
  4 merfolk avatars
  4 centaur warriors
  A catoblepas (Lair:6)
  A death knight (D:13)
  2 alligator snapping turtles
  14 merfolk aquamancers
  4 satyrs
  2 tengu warriors (D:12)
  6 two-headed ogres
  5 death yaks (Lair:3)
  An orc high priest (Orc:2)
  Urug (D:12)
  17 sea snakes
  2 unseen horrors
  A wizard (D:13)
  A phantasmal warrior (D:13)
  4 orc knights
  7 orc sorcerers
  2 oklob plants (Lair:3)
  2 orb spiders (Spider:1)
  Pikel (D:7)
  5 cyclopes
  21 harpies
  10 ugly things
  16 fauns
  7 wolf spiders
  19 manticores
  Joseph (Lair:1)
  15 merfolk sirens
  4 black mambas
  13 water nymphs
  2 ice statues (IceCv)
  A torpor snail (Lair:5)
  15 elephants
  Maurice (D:8)
  10 spiny frogs
  A gargoyle (D:10)
  An efreet (D:15)
  8 rime drakes
  2 freezing wraiths (D:13)
  4 yaktaurs (D:15)
  2 demonic crawlers (Spider:1)
  6 komodo dragons
  10 trolls
  4 jumping spiders
  53 merfolk
  3 meliai (D:15)
  9 wind drakes
  3 hornets
  14 polar bears
  14 snapping turtles
  23 hippogriffs
  Prince Ribbit (Lair:3)
  25 blink frogs
  8 dream sheep
  A slime creature (D:13)
  7 redbacks (Spider:1)
  A meliai zombie (D:10)
  4 tarantellas (Spider:1)
  3 wraiths
  2 shadows
  45 yaks
  31 water elementals
  9 wyverns
  15 humans
  8 basilisks
  2 chaos spawn (D:9)
  12 vampire mosquitoes
  4 hungry ghosts
  A soldier ant (D:13)
  5 wargs (Orc:1)
  A water moccasin (shapeshifter) (D:15)
  18 water moccasins
  16 porcupines
  2 black bears
  3 sky beasts
  31 orc warriors
  A meliai simulacrum (D:10)
  A phantom (D:5)
  3 necrophages
  7 ice beasts
  29 wolves
  8 ogres
  10 centaurs
  A big kobold (D:9)
  14 crocodiles
  A wyvern zombie (D:12)
  18 bullfrogs
  A gnoll sergeant (D:9)
  3 scorpions
  12 killer bees
  9 wights
  6 howler monkeys
  3 jellies
  4 electric eels
  2 bullfrog zombies
  8 crimson imps
  2 centaur zombies
  4 quasits
  7 hounds
  15 orc priests
  3 centaur skeletons
  3 gnoll shamans
  4 bullfrog skeletons
  27 orc wizards
  2 iguanas
  4 hell rats (Lair:6)
  8 worker ants
  A bullfrog simulacrum (D:10)
  2 hound skeletons
  A hound zombie (D:10)
  2 howler monkey zombies
  30 gnolls
  12 adders
  2 shadow imps
  4 white imps
  A worker ant simulacrum (D:10)
  An ufetubus (D:10)
  An ooze (D:4)
  3 adder skeletons
  4 adder zombies
  A worm (D:5)
  3 dart slugs
  7 leopard geckos
  86 orcs
  4 giant cockroaches
  8 goblins
  17 hobgoblins
  16 jackals
  6 quokkas
  6 bats
  4 frilled lizards
  6 kobolds
  10 rats
  A bush (Lair:2)
  4 fungi
  19 plants
  7 tentacles
1164 creatures vanquished.

Vanquished Creatures (others)
  3 merfolk javelineers
  A centaur warrior (D:14)
  5 satyrs
  A manticore (Shoals:3)
  10 fauns
  5 cyclopes
  A yaktaur (D:15)
  2 merfolk
  A sky beast (D:15)
  4 centaurs
  An orc (Orc:1)
  A bush (Lair:6)
  7 fungi
  15 plants
  35 tentacles
92 creatures vanquished.

Grand Total: 1256 creatures vanquished

Notes
Turn   | Place    | Note
-------+----------+-------------------------------------------
     0 | D:1      | equalderp2856 the Minotaur Fighter began the quest for the Orb.
     0 | D:1      | Reached XP level 1. HP: 19/19 MP: 0/0
    33 | D:1      | Found a snail-covered altar of Cheibriados.
   174 | D:1      | Reached XP level 2. HP: 27/27 MP: 1/1
   467 | D:2      | Found a white marble altar of Elyvilon.
   570 | D:2      | Reached skill level 4 in Shields
   570 | D:2      | Reached XP level 3. HP: 33/33 MP: 2/2
  1322 | D:3      | Noticed a bullfrog
  1323 | D:3      | Found a shadowy altar of Dithmenos.
  1328 | D:3      | Killed a bullfrog
  1328 | D:3      | Reached XP level 4. HP: 28/40 MP: 3/3
  1578 | D:3      | Reached XP level 5. HP: 44/46 MP: 4/4
  2074 | D:4      | Noticed Grinder
  2310 | D:3      | Reached skill level 5 in Axes
  2525 | D:3      | Reached XP level 6. HP: 42/52 MP: 5/5
  2669 | D:4      | Paralysed by Grinder for 4 turns
  2769 | D:4      | Reached skill level 1 in Dodging
  2860 | D:4      | Found a bloodstained altar of Trog.
  2875 | D:4      | Reached skill level 5 in Armour
  2910 | D:4      | Found Ekhlom's Antique Weapon Boutique.
  2934 | D:4      | Paralysed by Grinder for 7 turns
  2959 | D:5      | Entered Level 5 of the Dungeon
  3120 | D:5      | Reached skill level 5 in Shields
  3120 | D:5      | Reached XP level 7. HP: 60/60 MP: 6/6
  3176 | D:5      | Found a stormy altar of Qazlal.
  3177 | D:5      | Noticed an air elemental
  3181 | D:5      | Noticed a fire elemental
  3184 | D:5      | Noticed a water elemental
  3199 | D:5      | Found a shimmering altar of Xom.
  3453 | D:5      | Found a staircase to the Ecumenical Temple.
  3603 | D:5      | Found a runed door.
  3972 | D:6      | Reached skill level 5 in Fighting
  3972 | D:6      | Reached XP level 8. HP: 61/68 MP: 7/7
  4085 | D:6      | Reached skill level 6 in Shields
  4676 | D:6      | Got a pitted plate armour
  4693 | D:6      | Identified the cursed +1 plate armour of Truth {rElec rC+ rCorr} (You found it on level 6 of the Dungeon)
  4737 | D:6      | Found a burning altar of Makhleb.
  4739 | D:6      | Found a hazy altar of Hepliaklqana.
  5898 | D:7      | Found a deep blue altar of Sif Muna.
  6062 | D:7      | Noticed Pikel
  6160 | D:7      | Killed Pikel
  6160 | D:7      | Reached skill level 10 in Axes
  6160 | D:7      | Reached skill level 7 in Shields
  6160 | D:7      | Reached XP level 9. HP: 72/78 MP: 8/8
  6963 | D:8      | You fall through a shaft for 2 floors!
  6963 | D:10     | Entered Level 10 of the Dungeon
  6991 | D:10     | Noticed a death yak
  7084 | D:9      | Found a shimmering altar of Xom.
  7204 | D:9      | Found a shadowy altar of Dithmenos.
  7375 | D:9      | Reached skill level 8 in Shields
  7750 | D:9      | Reached skill level 1 in Stealth
  8057 | D:9      | Found Junis's Book Shop.
  8500 | D:9      | You fall through a shaft!
  8743 | D:8      | Reached XP level 10. HP: 85/85 MP: 9/9
  8778 | D:8      | Noticed Maurice
  9087 | D:8      | Killed Maurice
  9370 | D:8      | Reached skill level 9 in Shields
  9820 | D:10     | Noticed a gargoyle
 10072 | D:10     | Killed a gargoyle
 10154 | D:10     | Noticed a two-headed ogre
 10410 | D:9      | Killed a two-headed ogre
 10584 | D:9      | Reached skill level 10 in Shields
 11664 | D:10     | Reached skill level 10 in Armour
 11668 | D:10     | Found a staircase to the Orcish Mines.
 11829 | D:10     | Reached XP level 11. HP: 88/94 MP: 10/10
 12026 | D:11     | Found Plog's Weapon Shop.
 12522 | D:11     | Found a white marble altar of Elyvilon.
 12523 | D:11     | Found a runed door.
 12523 | D:11     | Noticed an angel
 13061 | D:12     | Noticed a brown ugly thing
 13087 | D:12     | Killed a brown ugly thing
 13459 | D:12     | Reached skill level 11 in Shields
 13523 | D:12     | Found Biumun's Assorted Antiques.
 13693 | D:12     | Noticed a tengu warrior
 13694 | D:12     | Noticed a seven-headed hydra
 14398 | D:10     | Found a staircase to the Lair.
 14414 | Lair:1   | Entered Level 1 of the Lair of Beasts
 14518 | Lair:1   | Noticed Fannar
 14826 | Lair:1   | Noticed a six-headed hydra
 14831 | Lair:1   | Noticed Joseph
 15582 | D:9      | Got a heavily runed leather armour
 15944 | D:10     | Killed a six-headed hydra
 15944 | D:10     | Reached skill level 1 in Polearms
 16225 | Lair:1   | Killed Joseph
 16318 | Lair:1   | Noticed Gastronok
 16611 | Lair:1   | Reached XP level 12. HP: 48/105 MP: 11/11
 16963 | Lair:2   | Reached skill level 12 in Shields
 17230 | Lair:2   | Found a staircase to the Shoals.
 17302 | Lair:2   | Reached skill level 10 in Fighting
 18152 | Lair:3   | Noticed Prince Ribbit
 18244 | Lair:3   | Killed Prince Ribbit
 18299 | Lair:3   | Noticed an eight-headed hydra
 18318 | Lair:3   | Killed an eight-headed hydra
 18695 | Lair:3   | Found a hole to the Spider Nest.
 18866 | Lair:3   | Reached skill level 13 in Shields
 19334 | Lair:3   | Got a slimy shortbow
 19347 | Lair:3   | Identified the +7 shortbow "Qierisol" {speed, rC- Int+3 SInv Stlth+} (You found it on level 3 of the Lair of Beasts)
 19674 | Lair:4   | Noticed a six-headed hydra
 19694 | Lair:4   | Killed a six-headed hydra
 19949 | Lair:4   | Reached skill level 15 in Axes
 20430 | Lair:4   | Noticed an eight-headed hydra
 20970 | Lair:3   | Noticed a death yak
 20971 | Lair:3   | Noticed a death yak
 20971 | Lair:3   | Noticed a death yak
 20973 | Lair:3   | Noticed a death yak
 20973 | Lair:3   | Noticed a death yak
 21053 | Lair:5   | Reached XP level 13. HP: 71/114 MP: 12/12
 21817 | Lair:1   | Killed Gastronok
 22047 | Lair:1   | Killed Fannar
 23222 | Lair:1   | Got a vibrating silver amulet
 23398 | Lair:1   | Identified the amulet "Hos Pat" {Reflect Int+3 SH+5} (You took it off Fannar on level 1 of the Lair of Beasts)
 23698 | Lair:5   | Found a runed door.
 24004 | Lair:5   | Found a viscous altar of Jiyva.
 24004 | Lair:5   | Found a staircase to the Slime Pits.
 24465 | Lair:6   | Entered Level 6 of the Lair of Beasts
 25006 | Lair:6   | Reached skill level 14 in Shields
 25330 | Lair:6   | Noticed a dire elephant
 25451 | Lair:6   | Killed a dire elephant
 25479 | Lair:6   | Reached XP level 14. HP: 102/125 MP: 13/13
 25638 | Lair:6   | Reached skill level 1 in Evocations
 27344 | Lair:3   | Reached skill level 15 in Shields
 27722 | Lair:1   | Learned a level 1 spell: Animate Skeleton
 27724 | Lair:1   | Learned a level 1 spell: Confusing Touch
 27728 | Lair:1   | Learned a level 3 spell: Regeneration
 28253 | Orc:1    | Entered Level 1 of the Orcish Mines
 28253 | Orc:1    | Found Efeive's Weapon Shop.
 28490 | Orc:1    | Reached skill level 1 in Spellcasting
 28565 | Orc:1    | Found a frozen archway.
 28585 | IceCv    | Entered an ice cave
 29146 | IceCv    | Noticed a frost giant
 29160 | IceCv    | Killed a frost giant
 29639 | IceCv    | Got an encrusted great mace
 29643 | IceCv    | Identified the +9 great mace of Change {freeze, Fragile MP+9 Str+3} (You found it in an ice cave)
 30222 | Orc:2    | Entered Level 2 of the Orcish Mines
 30308 | Orc:2    | Found a staircase to the Elven Halls.
 30748 | Orc:2    | Found a roughly hewn altar of Beogh.
 31202 | Orc:2    | Reached skill level 16 in Shields
 31675 | Orc:2    | Noticed an orc warlord
 31750 | Orc:1    | Killed an orc warlord
 32156 | Orc:2    | Found Elikiwno's Jewellery Shoppe.
 32171 | Orc:2    | Found Odybais's Antique Weapon Shoppe.
 32260 | Orc:2    | Found a roughly hewn altar of Beogh.
 32510 | Orc:2    | Found Patad's Antique Armour Shoppe.
 32575 | Orc:2    | Found Uthrip's General Store.
 32586 | Orc:2    | Bought a scroll of teleportation for 39 gold pieces
 32586 | Orc:2    | Bought a scroll of teleportation for 39 gold pieces
 32696 | Orc:2    | Bought a pair of faintly humming boots for 313 gold pieces
 32704 | Orc:2    | Identified the cursed +0 pair of boots of the Doldrums {+Fly rPois MR- rCorr} (You bought it in a shop on level 2 of the Orcish Mines)
 33928 | D:11     | Reached XP level 15. HP: 53/134 MP: 17/17
 34286 | D:11     | Bought a +3 hand crossbow of velocity for 310 gold pieces
 34560 | D:13     | Found a gate to the Vaults.
 34560 | D:13     | Noticed Rupert
 34560 | D:13     | Noticed Urug
 35283 | D:12     | Killed Rupert
 35598 | D:12     | Killed Urug
 35765 | D:13     | Found a shimmering altar of Xom.
 35767 | D:13     | Found a shimmering altar of Xom.
 35767 | D:13     | Found a shimmering altar of Xom.
 35768 | D:13     | Found a shimmering altar of Xom.
 35768 | D:13     | Found a shimmering altar of Xom.
 35768 | D:13     | Found a shimmering altar of Xom.
 35768 | D:13     | Found a shimmering altar of Xom.
 35769 | D:13     | Found a shimmering altar of Xom.
 35769 | D:13     | Found a shimmering altar of Xom.
 35769 | D:13     | Found a shimmering altar of Xom.
 35769 | D:13     | Found a shimmering altar of Xom.
 35769 | D:13     | Found a shimmering altar of Xom.
 35770 | D:13     | Found a shimmering altar of Xom.
 36325 | D:13     | Learned a level 2 spell: Blink
 36328 | D:13     | Learned a level 2 spell: Slow
 36679 | D:13     | Noticed Thaneod's ghost (journeyman MiBe)
 36722 | D:13     | Killed Thaneod's ghost
 37168 | D:14     | Found Wimauc's Book Boutique.
 37303 | D:14     | Reached skill level 17 in Shields
 37759 | D:14     | Reached skill level 1 in Crossbows
 38178 | D:15     | Entered Level 15 of the Dungeon
 38731 | D:15     | Found a staircase to the Depths.
 39852 | Orc:2    | Paralysed by fainting for 8 turns
 39860 | Orc:2    | Paralysed by fainting for 8 turns
 40375 | Shoals:1 | Entered Level 1 of the Shoals
 41062 | Shoals:1 | Reached skill level 18 in Shields
 41062 | Shoals:1 | Reached XP level 16. HP: 143/146 MP: 18/18
 42811 | Shoals:1 | Reached skill level 5 in Crossbows
 44744 | Shoals:2 | HP: 5/146 [water nymph/the raging water (31)]
 46202 | Shoals:3 | Found Heh Weurio's Island Escapes.
 46244 | Shoals:3 | Reached skill level 15 in Armour
 47753 | Shoals:3 | Reached skill level 15 in Fighting
 47753 | Shoals:3 | Reached skill level 19 in Shields
 48237 | Shoals:4 | Entered Level 4 of the Shoals
 48237 | Shoals:4 | Noticed anything's ghost (adept TrHu)
 48660 | Shoals:4 | Noticed Ilsuiw
 50050 | Shoals:4 | Reached XP level 17. HP: 63/156 MP: 19/19
 51169 | Shoals:3 | Bought a scroll of teleportation for 42 gold pieces
 51169 | Shoals:3 | Bought a scroll of teleportation for 42 gold pieces
 53003 | Shoals:3 | Noticed a kraken
 53327 | Shoals:3 | Killed a kraken
 54882 | Shoals:4 | Reached skill level 20 in Shields
 55913 | Shoals:4 | Got a barnacled rune of Zot
 56438 | Shoals:3 | Noticed a kraken
 56779 | Shoals:3 | Killed a kraken
 56899 | Shoals:4 | Killed Ilsuiw
 57766 | Shoals:4 | Paralysed by fainting for 6 turns
 59293 | Shoals:1 | Noticed a kraken
 59361 | Shoals:1 | Killed a kraken
 62014 | Shoals:1 | Reached XP level 18. HP: 122/166 MP: 20/20
 63278 | Shoals:4 | Paralysed by fainting for 11 turns
 66877 | Shoals:4 | Killed anything's ghost
 70336 | Shoals:1 | Reached skill level 5 in Polearms
 73013 | Spider:1 | Entered Level 1 of the Spider Nest
 73149 | Spider:1 | Paralysed by a hornet for 3 turns
 73473 | Spider:1 | Reached skill level 10 in Crossbows
 73473 | Spider:1 | Reached skill level 21 in Shields
 75305 | Spider:2 | Noticed equalderp2856's ghost (adept MiFi)
 75699 | Spider:3 | HP: 8/168 [redback (16)]
 75707 | Spider:3 | HP: 4/168 [wolf spider (11)]
 75711 | Spider:3 | Slain by a wolf spider

Skill      XL: |  1  2  3  4  5  6  7  8  9 10 11 12 13 14 15 16 17 18 |
---------------+-------------------------------------------------------+-----
Armour         | 4 5 7 8 10 11 12 13 14 15 16 | 16.2
Shields        | 4 5 7 8 10 11 13 14 16 18 19 20 21 | 21.0
Axes           | 4 5 6 8 10 11 12 13 15 16 17 18 | 18.3
Fighting       | 4 5 6 7 8 9 10 12 13 14 15 16 | 16.5
Dodging        | 1 2 3 4 |  4.5
Stealth        | 1 2 |  2.0
Polearms       | 1 2 3 4 6 |  6.3
Evocations     | 1 |  1.5
Spellcasting   | 2 |  2.6
Crossbows      | 3 7 9 10 | 10.2
Charms         | |  0.5
Necromancy     | |  0.4
Translocations | |  0.1

Action                   |  1- 3 |  4- 6 |  7- 9 | 10-12 | 13-15 | 16-18 || total
-------------------------+-------+-------+-------+-------+-------+-------++-------
Melee: War axe           |    77 |   155 |   378 |  1010 |  1765 |  1990 ||  5375
       Headbutt          |    11 |    25 |    77 |   254 |   471 |   565 ||  1403
       Trident           |       |       |       |    44 |    64 |   194 ||   302
       Hand axe          |       |       |       |       |       |   107 ||   107
       Spear             |       |       |       |       |       |    30 ||    30
 Fire: Hand crossbow     |       |       |       |       |       |   132 ||   132
 Cast: Regeneration      |       |       |       |       |     3 |       ||     3
       Blink             |       |       |       |       |       |     5 ||     5
 Abil: Evoke Flight      |       |       |       |       |     1 |       ||     1
Evoke: Wand              |       |       |     2 |     8 |    14 |     5 ||    29
  Use: Scroll            |       |       |     3 |     7 |    24 |    11 ||    45
       Potion            |       |       |       |     2 |     4 |    21 ||    27
 Stab: Confused          |       |       |       |       |     4 |       ||     4
       Distracted        |       |       |       |       |       |     1 ||     1
  Eat: Chunk             |     1 |     6 |    16 |    29 |    45 |    64 ||   161
       Royal jelly       |       |       |     2 |     1 |     3 |     6 ||    12
       Fruit             |       |       |     1 |    12 |    15 |    28 ||    56
       Meat ration       |       |       |       |       |     1 |     3 ||     4
       Bread ration      |       |       |       |       |       |     1 ||     1
Armor: Scale mail        |    38 |    77 |    30 |       |       |       ||   145
       Plate armour      |       |       |   174 |   635 |   689 |   941 ||  2439
       Chain mail        |       |       |    18 |       |       |       ||    18
       Skin              |       |       |       |       |       |     9 ||     9
Dodge: Dodged            |    30 |    59 |    97 |   265 |   271 |   483 ||  1205
Block: Shield            |    34 |    82 |   250 |   295 |   239 |  1905 ||  2805
       Large shield      |       |       |       |   456 |  1546 |   881 ||  2883
       Reflection        |       |       |       |       |    77 |   263 ||   340
       Other             |       |       |       |       |    15 |    25 ||    40
